AoeStats
← KabaH4iK

African Clearing

510347612Analyzed
4v4 RM · 2d ago on Sep 30, 2026· 46m 29s· 8 players
Game mode
Random Map
Map size
Large (8 player)
Population
200
Speed
Normal
Resources
Standard
Victory
Conquest
Starting age
Dark Age
Ending age
Imperial Age
RankedLock teamsTeams togetherTeam positionsShared explorationLock speedFull tech treeHidden civsTurbo modeCheats
Victory
Defeat
🇵🇱 Bengalis · Poland
1113
+13
🇵🇱 Britons · Poland
1112
+14
🇵🇱 Persians · Poland
1108
+14
🇵🇱 Vikings · Poland
1105
+14
🇩🇪 Georgians · Germany
1101
-16
🇺🇦 Inca · Ukraine
1064
-14
🇷🇺 Gurjaras · Russia
1049
-13
🇫🇮 Teutons · Finland
1022
-12
KabaH4iK
15:22 Feudal Age
19:27 Castle Age
17:30 Double-Bit Axe
21:00 Champi Runner
23:46 Arson
24:46 Scale Mail Armor
AkNeyls
4:55 Loom
13:44 Feudal Age
17:36 Castle Age
17:57 Castle Age
15:46 Double-Bit Axe
18:38 Bloodlines
25:51 Man-at-Arms
26:17 Gambesons
26:32 Squires
26:59 Fishing Lines
28:36 Gold Mining
31:09 Bow Saw
30:44 Horse Collar
30:41 Long Swordsman
31:30 Scale Mail Armor
BalticStorm
4:55 Loom
14:34 Feudal Age
15:15 Double-Bit Axe
21:04 Castle Age
19:16 Fletching
20:38 Gold Mining
22:17 Bodkin Arrow
24:57 Scale Barding Armor
28:09 Wheelbarrow
28:06 Ballistics
27:50 Husbandry
29:17 Chain Barding Armor
29:54 Forging
31:31 Hand Cart
35:44 Imperial Age
36:18 Padded Archer Armor
36:55 Iron Casting
35:57 Elite Skirmisher
PAKETI
5:33 Loom
15:48 Feudal Age
20:03 Castle Age
17:56 Horse Collar
21:07 Double-Bit Axe
24:32 Fletching
Martwy Kogut
5:05 Loom
15:53 Feudal Age
16:48 Double-Bit Axe
17:24 Gold Mining
22:33 Castle Age
20:30 Fletching
21:53 Stone Mining
22:55 Crossbowman
23:34 Bodkin Arrow
31:23 Bow Saw
30:57 Horse Collar
31:33 Husbandry
33:06 Padded Archer Armor
33:49 Ballistics
38:00 Wheelbarrow
40:17 Heavy Plow
41:48 Town Watch
44:12 Yeomen
44:08 Forging
46:01 Gold Shaft Mining
Jakwieczo
8:13 Loom
15:54 Feudal Age
20:12 Castle Age
20:18 Double-Bit Axe
25:51 Pikeman
28:51 Scale Mail Armor
31:55 Fletching
33:00 Chain Mail Armor
33:17 Bodkin Arrow
34:45 Wheelbarrow
34:54 Wheelbarrow
34:04 Town Watch
36:39 Bow Saw
37:13 Padded Archer Armor
37:23 Forging
37:04 Horse Collar
38:58 Hand Cart
39:13 Leather Archer Armor
41:48 Imperial Age
39:47 Paiks
40:54 Ballistics
44:40 Bracer
45:10 Ring Archer Armor
44:18 Elite Elephant Archer
44:57 Gold Mining
46:46 Chemistry
Birchman
4:36 Loom
16:00 Feudal Age
18:43 Town Watch
23:44 Castle Age
22:15 Stone Mining
25:18 Town Patrol
24:57 Pikeman
28:45 Gold Mining
29:29 Horse Collar
36:10 Squires
Rodzenberg
3:11 Loom
12:54 Feudal Age
13:14 Double-Bit Axe
13:44 Horse Collar
17:09 Forging
18:27 Wheelbarrow
20:04 Town Watch
20:44 Fletching
24:39 Castle Age
23:05 Scale Mail Armor
24:40 Pikeman
31:33 Town Watch
42:41 Heavy Plow
43:52 Bodkin Arrow
Connection lost

Rejoining the realm…

Still unreachable

The connection could not be restored.

Session expired

The server has moved on; the page needs a fresh start.